 Dungeon Crawl Stone Soup version 0.26.1 (webtiles) character file.

Game seed: 15641508839186932908

2727 hawla the Destroyer (level 9, -16/62 HPs)
             Began as a Green Draconian Conjurer on Feb 6, 2021.
             Demolished by Duvessa
             ... wielding a +4 short sword
              (18 damage)
             ... on level 7 of the Dungeon.
             The game lasted 00:19:36 (10224 turns).

hawla the Destroyer (Green Draconian Conjurer)     Turns: 10224, Time: 00:19:37

Health: -16/62     AC: 13    Str: 10    XL:     9   Next: 40%
Magic:  2/16       EV: 12    Int: 22    God:
Gold:   392        SH:  0    Dex:  9    Spells: 5/18 levels left

rFire    . . .     SeeInvis +   n - +0 quarterstaff
rCold    . . .     Faith    .   (shield currently unavailable)
rNeg     . . .     Spirit   .   (armour unavailable)
rPois    +         Reflect  .   (helmet restricted)
rElec    .         Harm     .   (no cloak)
rCorr    .         Rampage  .   t - +2 pair of gloves
Will     .....                  y - +2 pair of boots
Stlth    ++........             (no amulet)
HPRegen  0.20/turn              k - ring of see invisible
MPRegen  0.15/turn              (no ring)

@: studying Unarmed Combat
A: breathe noxious fumes, unfitting armour, poison resistance, cold-blooded, AC
+7
a: Breathe Noxious Fumes


You were on level 7 of the Dungeon.
You visited 2 branches of the dungeon, and saw 8 of its levels.

You collected 392 gold pieces.

Inventory:

Hand Weapons
 n - a +0 quarterstaff (weapon)
Missiles
 c - 35 poisoned darts
 p - 5 silver boomerangs
Armour
 t - a +2 pair of gloves (worn)
 y - a +2 pair of boots (worn)
Jewellery
 k - a ring of see invisible (left hand)
Wands
 g - a wand of flame (19)
 j - a wand of random effects (14)
 x - a wand of disintegration (14)
 z - a wand of iceblast (9)
Scrolls
 a - 3 scrolls of enchant armour
 d - a scroll of teleportation
 f - 3 scrolls of identify
 q - a scroll of fear
 r - 2 scrolls of blinking
 v - a scroll of fog
 w - a scroll of remove curse
Potions
 b - 8 potions of curing
 e - 4 potions of brilliance
 h - 2 potions of cancellation
 i - 2 potions of berserk rage {unknown}
 l - a potion of flight
 m - 2 potions of lignification {unknown}
 o - 4 potions of heal wounds {unknown}
 s - a potion of resistance {unknown}
 A - a potion of attraction {unknown}
 B - a potion of invisibility {unknown}
Books
 u - a manual of Unarmed Combat


   Skills:
 - Level 4.0 Staves
 - Level 1.7 Dodging
 - Level 1.7 Stealth
 + Level 5.2 Spellcasting
 * Level 8.7 Conjurations
 - Level 4.1 Translocations
 * Level 5.4 Fire Magic
 + Level 3.0 Earth Magic


You had 5 spell levels left.
You knew the following spells:

 Your Spells              Type           Power        Failure   Level
a - Magic Dart            Conj           100%         1%          1
b - Searing Ray           Conj           88%          1%          2
c - Iskenderun's Mystic   Conj/Tloc      34%          7%          4
d - Iron Shot             Conj/Erth      15%          80%         6

Your spell library contained the following spells:

 Spells                   Type           Power        Failure   Level
 Dazzling Flash           Conj/Hex       50%          4%          3
 Corona                   Hex            5%           10%         1
 Fulminant Prism          Conj/Hex       12%          16%         4
 Silence                  Hex/Air        2%           95%         5
 Summon Mana Viper        Hex/Summ       5%           95%         5


Dungeon Overview and Level Annotations

Branches:
Dungeon (7/15)             Temple (1/1) D:4

Altars:
Ashenzari
Cheibriados
Dithmenos
Elyvilon
Gozag
Hepliaklqana
Kikubaaqudgha
Makhleb
Nemelex Xobeh
Okawaru
Qazlal
Ru
Sif Muna
Uskayaw
Wu Jian
Yredelemnul
The Shining One
Jiyva

Annotations:
D:4 , 1 runed translucent door, ISoar's ghost, novice MiFi
D:7 Duvessa


Innate Abilities, Weirdness & Mutations

You can breathe blasts of noxious fumes.
Your lurid green scales are hard. (AC +7)
You cannot fit into any form of body armour.
Your system is resistant to poisons. (rPois)
You are cold-blooded and may be slowed by cold attacks.


Message History

The searing ray hits Duvessa.
Duvessa is almost dead.
You finish channeling your searing ray.
Duvessa hits you with a +4 short sword!
A worker ant comes into view.
Duvessa hits you with a +4 short sword!
* * * LOW HITPOINT WARNING * * *
It was a potion of curing.
You feel better. Duvessa hits you with a +4 short sword.
It was a potion of brilliance.
You feel clever all of a sudden. Duvessa hits you with a +4 short sword.
* * * LOW HITPOINT WARNING * * *
Duvessa hits you with a +4 short sword!
* * * LOW HITPOINT WARNING * * *
It was a potion of cancellation.
Your magical effects are unravelling.
You feel magically purged.
You feel a little less clever now.
Duvessa hits you with a +4 short sword!!
You die...

... ... ...
#.# #o# #B#
#e# #.#@#
#.#.#.#
#.#.#.#
####'#.#.#
.........#
.........#
.........#
.[........#
..........#


You could see Duvessa (berserk, fast), an orc warrior and a worker ant.

Vanquished Creatures
  Pikel (D:7)
  Menkaure (D:4)
  Edmund (D:6)
  An ice beast (D:6)
  An orc warrior (D:6)
  A sky beast (D:6)
  2 ogres
  A lemure (D:7)
  A bullfrog (D:7)
  Dowan (D:7)
  2 killer bees (D:7)
  A centaur zombie (D:5)
  5 gnoll shamans (D:3)
  2 orc priests (D:5)
  A hound (D:3)
  9 orc wizards
  A bullfrog skeleton (D:2)
  3 iguanas (D:4)
  3 worker ants
  43 gnolls
  2 worker ant zombies
  7 adders
  A shadow imp (D:5)
  An ufetubus (D:4)
  An ooze (D:2)
  2 worms
  3 dart slugs (D:1)
  3 leopard geckos
  16 orcs
  3 ball pythons
  7 giant cockroaches
  7 goblins
  8 hobgoblins
  16 jackals (D:3)
  A quokka (D:6)
  8 bats
  5 frilled lizards
  7 kobolds
  A leopard gecko zombie (D:4)
  A quokka skeleton (D:6)
  A quokka zombie (D:6)
  8 rats
190 creatures vanquished.

Vanquished Creatures (others)
  3 plants (D:3)
3 creatures vanquished.

Grand Total: 193 creatures vanquished

Notes
Turn   | Place    | Note
-------+----------+-------------------------------------------
     0 | D:1      | hawla the Draconian Conjurer began the quest for the Orb.
     0 | D:1      | Reached XP level 1. HP: 14/14 MP: 3/3
   314 | D:1      | Reached XP level 2. HP: 20/20 MP: 3/5
   317 | D:1      | Learned a level 2 spell: Searing Ray
   838 | D:1      | Reached XP level 3. HP: 10/26 MP: 0/6
  1400 | D:2      | Reached skill level 5 in Conjurations
  1504 | D:2      | Reached XP level 4. HP: 33/33 MP: 5/8
  1542 | D:2      | Found an iron altar of Okawaru.
  1548 | D:2      | Learned a level 4 spell: Iskenderun's Mystic Blast
  1570 | D:2      | Found a stormy altar of Qazlal.
  1608 | D:2      | Noticed a +0 hand axe
  1609 | D:2      | Found a hide-covered altar of Uskayaw.
  1609 | D:2      | Noticed a +0 hand axe
  2487 | D:3      | Found an opulent altar of Gozag.
  2786 | D:3      | Reached skill level 1 in Translocations
  2786 | D:3      | Reached XP level 5. HP: 34/38 MP: 3/9
  3516 | D:3      | Found a snail-covered altar of Cheibriados.
  3611 | D:3      | Reached skill level 1 in Staves
  3956 | D:3      | Reached skill level 6 in Conjurations
  3964 | D:3      | Reached XP level 6. HP: 44/45 MP: 6/11
  4704 | D:3      | Your scales start taking on a lurid green colour.
  4704 | D:3      | Reached XP level 7. HP: 40/50 MP: 3/12
  4704 | D:3      | Gained mutation: Your system is resistant to poisons.
                  | (rPois) [Green Draconian growth]
  5088 | D:3      | Reached skill level 1 in Fire Magic
  5535 | D:4      | Reached skill level 7 in Conjurations
  6066 | D:4      | Found an ancient bone altar of Kikubaaqudgha.
  6353 | D:4      | Reached XP level 8. HP: 38/57 MP: 11/14
  6652 | D:4      | Found a transporter.
  6730 | D:4      | Found a runed translucent door.
  6737 | D:4      | Noticed ISoar's ghost (novice MiFi)
  6932 | D:4      | Found a staircase to the Ecumenical Temple.
  6962 | Temple   | Entered the Ecumenical Temple
  7295 | D:4      | Found a transporter.
  7325 | D:4      | Noticed Menkaure
  7330 | D:4      | Found a basalt altar of Yredelemnul.
  7367 | D:4      | Killed Menkaure
  7484 | D:4      | Identified Foguatyr's Almanac of Ashen Enchantment
  7495 | D:4      | Learned a level 6 spell: Iron Shot
  7508 | D:4      | Found a sparkling altar of Nemelex Xobeh.
  7666 | D:5      | Entered Level 5 of the Dungeon
  7811 | D:5      | Found a sparkling altar of Nemelex Xobeh.
  7896 | D:5      | Reached skill level 1 in Earth Magic
  8450 | D:5      | Found a hazy altar of Hepliaklqana.
  8880 | D:6      | Noticed Edmund
  8889 | D:6      | Killed Edmund
  9140 | D:6      | Reached skill level 8 in Conjurations
  9499 | D:6      | Reached XP level 9. HP: 42/62 MP: 8/16
  9921 | D:7      | Noticed Pikel
 10008 | D:7      | Killed Pikel
 10009 | D:7      | Reached skill level 5 in Spellcasting
 10009 | D:7      | Reached skill level 5 in Fire Magic
 10205 | D:7      | Noticed Duvessa
 10207 | D:7      | Noticed Dowan
 10215 | D:7      | Killed Dowan
 10223 | D:7      | HP: 2/62 [Duvessa/+4 short sword (13)]
 10224 | D:7      | Demolished by Duvessa

Illustrated notes

Levels and vault maps discovered:
D:1:      tarquinn_simple_flora_water_d, layout_basic, skrybe_limestone_x
D:2:      layout_basic, dancing_weapons_uskayaw, okawaru_metal_pillars_1_2,
          nicolae_overflow_hidden_temple
D:3:      lemuel_castle_with_subvaults [lemuel_castle_interior_carwin_3],
          layout_loops_corners, lemuel_round_altar,
          nicolae_gozag_cash_rules_everything_around_me
D:4:      layout_layer_cave, lemuel_doored_altar, gammafunk_temple_of_torment,
          minmay_temple_entry_antechambers, ebering_ghost_reflecting_pool
D:5:      layout_cave_pools, nzn_hepliaklqana_mist_gate, basic_altar
D:6:      layout_cave_pods, uniq_edmund
D:7:      layout_basic, zin_purify, uniq_pikel, uniq_duvessa
Temple:   pf_slime_end_temple

Skill      XL: |  1  2  3  4  5  6  7  8  9 |
---------------+----------------------------+-----
Conjurations   | 5 6 7 8 |  8.7
Spellcasting   | 3 4 5 |  5.2
Translocations | 1 2 3 4 |  4.1
Staves         | 1 2 3 4 |  4.0
Fire Magic     | 2 4 5 |  5.4
Earth Magic    | 2 3 |  3.0
Dodging        | |  1.7
Stealth        | |  1.7

Action                   |  1- 3 |  4- 6 |  7- 9 || total
-------------------------+-------+-------+-------++-------
Melee: Unarmed           |    29 |    13 |       ||    42
       Tailslap          |     3 |    12 |     5 ||    20
       Quarterstaff      |       |    62 |    89 ||   151
 Cast: Magic Dart        |    39 |    45 |    43 ||   127
       Searing Ray       |    11 |    48 |    47 ||   106
       Iskenderun's Myst |       |     1 |    16 ||    17
Evoke: Wand              |       |       |     2 ||     2
  Use: Scroll            |     4 |     4 |     7 ||    15
       Potion            |       |       |     3 ||     3
Armor: Skin              |    13 |    29 |    48 ||    90
Dodge: Dodged            |    18 |    61 |    97 ||   176
